 Dungeon Crawl Stone Soup version 0.29.1-13-g9f3cf754e1 (webtiles) character file.

Game seed: 3427711288470624869

135 Peloso the Covered (level 4, -5/41 HPs)
             Began as a Minotaur Fighter on Jan 22, 2023.
             Killed by nerve-wracking pain
             ... invoked by Grinder
              (14 damage)
             ... on level 3 of the Dungeon.
             The game lasted 00:04:06 (2868 turns).

Peloso the Covered (Minotaur Fighter)               Turns: 2868, Time: 00:04:06

Health: -5/41      AC:  8    Str: 20    XL:     4   Next: 96%
Magic:  3/3        EV:  9    Int:  5    God:
Gold:   130        SH:  5    Dex: 12    Spells: 3/3 levels left

rFire   . . .      SeeInvis .   a - +0 long sword
rCold   . . .      Faith    .   d - +0 buckler
rNeg    . . .      Spirit   .   b - +0 scale mail
rPois   .          Reflect  .   (helmet restricted)
rElec   .          Harm     .   (no cloak)
rCorr   .          Rampage  .   c - +0 pair of gloves
Will    .....                   (no boots)
Stlth   ..........              (no amulet)
HPRegen 0.13/turn               (no ring)
MPRegen 0.08/turn               (no ring)

@: no status effects
A: horns 2, retaliatory headbutt
a: no special abilities


You were on level 3 of the Dungeon.
You visited 1 branch of the dungeon, and saw 3 of its levels.

You collected 130 gold pieces.

Inventory:

Hand Weapons
 a - a +0 long sword (weapon)
Armour
 b - a +0 scale mail (worn)
 c - a +0 pair of gloves (worn)
 d - a +0 buckler (worn)
Wands
 o - a wand of mindburst (2)
Scrolls
 f - 2 scrolls of magic mapping
 l - a scroll of teleportation {unknown}
Potions
 e - 4 potions of curing
 g - 2 potions of mutation {unknown}
 h - a potion of might
 i - a potion of flight {unknown}
 j - 2 potions of magic
 k - a potion of degeneration {unknown}
 m - a potion of ambrosia {unknown}
 n - a potion of lignification {unknown}


   Skills:
 + Level 4.5 Fighting
 + Level 4.0 Long Blades
 + Level 4.8 Armour
 + Level 0.6 Dodging
 + Level 0.3 Stealth
 + Level 4.1 Shields


You had 3 spell levels left.
You didn't know any spells.
Your spell library contained the following spells:

 Spells                   Type           Power      Damage    Failure   Level
 Magic Dart               Conj           0%         1d3       88%         1
 Call Imp                 Summ           0%         N/A       96%         2
 Mephitic Cloud           Conj/Pois/Air  0%         N/A       99%         3
 Summon Guardian Golem    Hex/Summ       0%         N/A       99%         3
 Orb of Destruction       Conj           0%         9d5       100%        7
 Spellforged Servitor     Conj/Summ      0%         N/A       100%        7


Dungeon Overview and Level Annotations

Branches:
Dungeon (3/15)

Altars:
Cheibriados

Annotations:
D:3 Grinder


Innate Abilities, Weirdness & Mutations

You have a pair of horns on your head.
You reflexively headbutt those who attack you in melee.


Message History

You barely miss the adder.
The adder is severely wounded.
You feel sick. The adder bites you but does no damage.
You miss the adder.
The adder is severely wounded.
You feel sick. The adder barely misses you.
Grinder says, "FISH!"
The adder bites you but does no damage.
Grinder blinks!
You hit the adder.
You kill the adder!
You feel sick.
You are no longer poisoned.
Grinder gestures at you. Pain shoots through your body!
Grinder blinks!
Grinder gestures at you. Pain shoots through your body!
* * * LOW HITPOINT WARNING * * *
Grinder gestures at you.
You barely resist.
It was a potion of curing.
You feel better.
You hit Grinder.
Grinder is lightly wounded.
Grinder blinks!
You see here a +0 club.
You barely miss Grinder.
Grinder is lightly wounded.
Grinder hits you.
* * * LOW HITPOINT WARNING * * *
You writhe in agony.
* * * LOW HITPOINT WARNING * * *
You slash Grinder!
Grinder is moderately wounded.
Grinder hits you but does no damage. You block Grinder's attack.
Unknown command.
You completely miss Grinder.
Grinder is moderately wounded.
Grinder gestures at you. Pain shoots through your body!
You die...

#####
#####...########
#.....#@5......#
#.###...######.#
#.####### ...
######........
S.##
#.............
..#
#..###.#######
..# #..# #.# .##
#..# #.# 5? #..#
#.#


You could see Grinder.

Vanquished Creatures
  An orc wizard (D:2)
  Natasha (D:2)
  3 adders
  A dart slug (D:1)
  5 orcs
  4 ball pythons
  3 bats (D:1)
  4 endoplasms
  2 giant cockroaches (D:1)
  6 goblins
  4 hobgoblins
  6 jackals
  2 kobolds
  2 quokkas (D:1)
  2 frilled lizards
  3 rats
49 creatures vanquished.

Notes
Turn   | Place    | Note
-------+----------+-------------------------------------------
     0 | D:1      | Peloso the Minotaur Fighter began the quest for the Orb.
     0 | D:1      | Reached XP level 1. HP: 19/19 MP: 0/0
   237 | D:1      | Reached XP level 2. HP: 27/27 MP: 1/1
   712 | D:1      | Found a faded altar of an unknown god.
   765 | D:1      | Found Yhenuh's General Store.
  1134 | D:2      | Reached XP level 3. HP: 30/33 MP: 2/2
  1307 | D:2      | Found a snail-covered altar of Cheibriados.
  1562 | D:2      | Noticed Natasha
  1568 | D:2      | Killed Natasha
  1569 | D:2      | Reached XP level 4. HP: 36/41 MP: 3/3
  2840 | D:3      | Noticed Grinder
  2868 | D:3      | Killed from afar by Grinder

Illustrated notes

Levels and vault maps discovered:
D:1:      dpeg_arrival_simpleton_b, layout_loops_corners,
          hellmonk_ecumenical_altar_heavens_door, serial_shops,
          nicolae_shop_window_shopping
D:2:      layout_loops_corners, basic_altar, uniq_natasha
D:3:      layout_loops_ring, gammafunk_temple_overflow_claw, uniq_grinder

Skill      XL: |  1  2  3  4 |
---------------+-------------+-----
Fighting       | 4 |  4.5
Armour         | 4 |  4.8
Shields        | 4 |  4.1
Long Blades    | 3 4 |  4.0
Dodging        | |  0.6
Stealth        | |  0.3

Action                   |  1- 3 |  4- 6 || total
-------------------------+-------+-------++-------
Melee: Long sword        |    73 |    53 ||   126
       Headbutt          |     4 |     2 ||     6
  Use: Potion            |     3 |     1 ||     4
       Scroll            |     2 |       ||     2
Armor: Scale mail        |    45 |    28 ||    73
Dodge: Dodged            |    38 |    17 ||    55
Block: Buckler           |    12 |    17 ||    29
